Map: Ultralove

Players

SLAVAKRASAVA

  • Race: Terran Terran
  • Spawn Location: 1:00

Sindyr - Winner!

  • Race: Terran Terran
  • League: Master
  • Spawn Location: 7:00

VOD

Have the link to the VOD?

Description

Time

  • Played on: Oct. 18, 2025, 10:31 a.m.
  • Length: 11:48
Show
View Real Time Build Order
Export as new Build Order

SLAVAKRASAVA Terran 

Build Orders: Mech 

Get SALT Encoding   

  12  0:00  SCV  
  13  0:19  SCV, Supply Depot  
  14  0:31  SCV  
  15  0:36  Refinery  
  15  0:43  SCV  
  15  0:48  Barracks  
  16  0:55  SCV  
  17  1:07  SCV  
  18  1:19  SCV  
  19  1:35  Command Center  
  19  1:39  Orbital Command  
  19  1:43  Marine  
  20  1:57  Factory  
  20  2:01  Marine  
  21  2:32  Refinery  
  21  2:35  Supply Depot  
  21  2:36  Supply Depot  
  21  2:38  Supply Depot  
  21  2:39  Supply Depot  
  21  2:52  Starport  
  21  3:00  SCV  
  21  3:01  Factory Tech Lab, SCV  
  23  3:12  SCV  
  24  3:13  SCV, Marine  
  26  3:25  SCV  
  27  3:31  Marine, SCV  
  29  3:37  SCV  
  29  3:40  Starport Tech Lab  
  30  3:43  SCV  
  30  3:46  Fusion Core  
  31  3:49  SCV  
  32  4:01  SCV  
  32  4:02  Refinery  
  33  4:06  Refinery  
  33  4:07  SCV  
  34  4:11  Banshee  
  34  4:14  SCV  
  38  4:19  SCV  
  38  4:20  Siege Tank  
  42  4:26  SCV  
  44  4:31  SCV  
  44  4:38  SCV  
  45  4:40  Cloaking Field  
  45  4:43  SCV  
  46  4:50  SCV  
  47  4:55  SCV  
  48  5:00  Banshee  
  48  5:05  Siege Tank  
  54  5:32  Command Center  
  54  5:34  Marine  
  54  5:35  Hyperflight Rotors  
  55  5:49  Siege Tank  
  58  5:52  Marine  
  59  6:07  Engineering Bay  
  59  6:10  Marine  
  60  6:20  Banshee  
  63  6:28  Marine  
  64  6:46  Marine  
  65  6:57  SCV  
  66  7:03  Banshee  
  63  7:09  SCV  
  63  7:10  Siege Tank  
  67  7:21  SCV  
  68  7:26  Missile Turret  
  68  7:29  Missile Turret  
  68  7:33  SCV, Missile Turret  
  69  7:42  Siege Tank  
  69  7:43  Factory  
  72  7:45  SCV  
  72  7:46  Banshee, Factory  
  72  7:48  Factory  
  76  7:51  Armory  
  76  7:54  Armory  
  76  7:59  Marine  
  76  8:05  SCV  
  78  8:14  Siege Tank  
  78  8:16  Marine  
  78  8:17  SCV  
  78  8:18  SCV  
  84  8:29  SCV, Supply Depot  
  84  8:31  Supply Depot x2  
  84  8:32  Supply Depot  
  85  8:43  Terran Vehicle Weapons Level 1  
  85  8:44  Terran Vehicle And Ship Armor Level 1  
  85  8:51  Marine, SCV x2  
  88  9:03  SCV x2  
  88  9:08  Marine  
  91  9:15  SCV x2  
  93  9:26  Marine  
  93  9:27  SCV x2  
  96  9:36  Banshee  
  96  9:37  Factory Tech Lab  
  96  9:39  SCV x2  
  96  9:43  Factory Tech Lab  
  96  9:44  Factory Tech Lab, Widow Mine  
  100  9:51  Drilling Claws  
  100  10:04  SCV  
  100  10:05  Widow Mine  
  103  10:16  SCV  
  103  10:18  Refinery  
  103  10:19  Banshee, Refinery  
  107  10:27  Widow Mine  
  107  10:28  SCV  
  110  10:33  Thor  
  116  10:40  SCV  
  116  10:41  Thor  
  116  10:42  Supply Depot  
  117  10:43  Supply Depot  
  117  10:44  Thor  
  117  10:45  Supply Depot  
  117  10:46  Supply Depot  
  117  10:47  Supply Depot  
  117  10:48  Widow Mine  
  100  10:52  SCV  
  84  11:04  SCV  
  84  11:09  Widow Mine  
Show
View Real Time Build Order
Export as new Build Order

Sindyr Terran - Winner!

Build Orders:  

Get SALT Encoding   

  12  0:02  SCV  
  13  0:15  SCV  
  13  0:18  Supply Depot  
  14  0:27  SCV  
  15  0:39  SCV  
  16  0:43  Barracks  
  16  0:49  Refinery  
  16  0:54  SCV  
  17  1:06  SCV  
  18  1:18  SCV  
  19  1:45  Barracks Reactor  
  19  1:50  Command Center  
  19  1:51  Refinery  
  19  1:55  Orbital Command  
  19  2:21  SCV  
  20  2:33  SCV  
  20  2:35  Supply Depot  
  21  2:41  Barracks  
  21  2:42  Barracks  
  21  2:45  SCV  
  22  2:53  Marine  
  22  2:56  Marine  
  22  2:57  SCV  
  25  3:10  SCV  
  26  3:13  Orbital Command  
  26  3:22  SCV  
  27  3:31  Barracks Tech Lab x2  
  27  3:34  SCV  
  28  3:36  Marine x2  
  28  3:39  SCV  
  31  3:46  SCV  
  32  3:51  Combat Shield, SCV, Stimpack  
  32  3:53  Marine  
  32  3:54  Marine  
  32  3:55  Marine  
  36  3:56  Marine  
  36  3:58  SCV  
  38  4:07  Supply Depot  
  38  4:10  SCV  
  38  4:11  Supply Depot, Marine  
  38  4:12  Marine x2  
  38  4:14  Marine  
  38  4:15  SCV  
  44  4:22  SCV  
  45  4:28  SCV  
  45  4:29  Reaper, Marine  
  45  4:30  Marine  
  49  4:34  Marine, SCV  
  51  4:40  SCV  
  52  4:46  SCV  
  52  4:47  Marine  
  52  4:48  Marine  
  52  4:52  Marine, SCV  
  57  4:57  Refinery x2  
  57  4:58  SCV  
  58  5:04  SCV, Engineering Bay  
  58  5:06  Factory  
  59  5:10  SCV  
  60  5:14  Command Center  
  60  5:16  SCV  
  60  5:18  Marine  
  62  5:29  Supply Depot  
  62  5:33  Supply Depot  
  62  5:34  Supply Depot  
  62  5:50  Marine x3, SCV x2  
  62  5:52  Starport, Factory Reactor  
  62  5:55  Marine  
  68  6:02  SCV  
  68  6:03  SCV  
  70  6:04  Terran Infantry Weapons Level 1  
  70  6:08  Marine x3  
  70  6:09  Engineering Bay  
  73  6:13  Marine  
  73  6:15  SCV x2  
  76  6:26  Marauder  
  76  6:27  SCV x2, Concussive Shells  
  76  6:28  Sensor Tower  
  80  6:35  Orbital Command  
  80  6:40  Factory Tech Lab  
  80  6:49  Command Center  
  80  6:51  Marine x4  
  75  7:02  Medivac  
  75  7:08  Medivac  
  77  7:09  Marine x2  
  79  7:16  Starport  
  79  7:18  Starport  
  79  7:19  SCV  
  79  7:20  SCV  
  81  7:25  Armory  
  81  7:30  Terran Infantry Armor Level 1  
  81  7:32  Marine x3, Medivac  
  81  7:33  SCV  
  87  7:45  SCV  
  88  7:57  SCV  
  89  8:09  SCV  
  90  8:13  Refinery  
  90  8:14  Refinery  
  90  8:21  Refinery, SCV  
  90  8:26  Starport  
  91  8:28  Terran Infantry Weapons Level 2  
  91  8:30  Marine x4  
  91  8:32  Medivac  
  91  8:33  SCV, Medivac  
  100  8:34  Starport Reactor, Starport Tech Lab  
  100  8:41  Barracks  
  100  8:44  Barracks x2  
  100  8:45  SCV  
  100  8:48  Marine x4  
  104  8:49  Terran Vehicle And Ship Armor Level 1  
  105  8:56  Raven  
  105  8:57  SCV  
  105  9:02  Viking  
  108  9:03  Viking  
  108  9:05  Marine  
  108  9:06  Marine x3  
  108  9:09  SCV  
  114  9:21  SCV  
  114  9:23  Marine x3  
  114  9:24  Marine  
  119  9:26  Starport Tech Lab  
  119  9:28  SCV  
  118  9:40  SCV  
  118  9:41  Marine x2  
  121  9:49  Missile Turret x2  
  121  9:50  Missile Turret, SCV  
  121  9:52  Missile Turret, SCV  
  123  10:01  Supply Depot  
  123  10:02  SCV  
  123  10:04  Supply Depot, SCV  
  125  10:14  SCV  
  125  10:18  Orbital Command  
  126  10:22  Viking x4  
  126  10:23  Viking x2  
  126  10:27  SCV  
  139  10:29  Supply Depot  
  139  10:31  Refinery  
  139  10:33  Supply Depot  
  139  10:39  SCV  
  123  10:44  Marine x4  
  119  11:02  Marine x4  
  109  11:12  Viking x3  
  109  11:13  Viking x3  
  121  11:20  Marine x4  
Tags
 
Composition
Mech
League
Master
Matchup
TvT
Race
Terran
Replay Pack
Multiplayer
Spawn Locations
Cross Positions
Add a new tag
Caveats
  • Supply blocks, unpowered buildings, or Contaminate may cause inaccurate times.
  • Supply counts are checked every 10 seconds.